 Dungeon Crawl Stone Soup version 0.29.0-4-gdea44cf6ec (webtiles) character file.

Game seed: 9020552194491266383

15443 qw the Brawler (level 12, -1/118 HPs)
             Began as a Troll Cinder Acolyte on Sept 2, 2022.
             Was an Initiate of Ignis.
             Slain by a raiju (7 damage)
             ... on level 1 of the Abyss.
             The game lasted 00:05:33 (8636 turns).

qw the Brawler (Troll Cinder Acolyte)               Turns: 8636, Time: 00:05:34

Health: -1/118     AC: 15    Str: 35    XL:     12   Next: 1%
Magic:  12/12      EV:  9    Int: 10    God:    Ignis [......]
Gold:   66         SH:  5    Dex:  5    Spells: 13/13 levels left

rFire   + . .      SeeInvis .     - Unarmed
rCold   . . .      Faith    .   (no shield)
rNeg    . . .      Spirit   .   b - +0 swamp dragon scales
rPois   +          Reflect  +   (helmet restricted)
rElec   .          Harm     .   g - +0 cloak
rCorr   .          Rampage  .   (gloves unavailable)
Will    .....                   (boots unavailable)
Stlth   ..........              p - amulet of reflection
HPRegen 1.09/turn               a - +4 ring of protection
MPRegen 0.13/turn               i - +6 ring of strength

@: about to teleport
A: large, unfitting armour, claws 3, regeneration 1, shaggy fur 1, tough skin 1
a: Renounce Religion, Rising Flame


You were on level 1 of the Abyss.
You worshipped Ignis.
Ignis was noncommittal.
You visited 1 branch of the dungeon, and saw 10 of its levels.
You visited the Abyss 1 time.

You collected 426 gold pieces.
You spent 360 gold pieces at shops.


Innate Abilities, Weirdness & Mutations

You are too large for most types of armour.
You have claws for hands.
Your natural rate of healing is unusually fast.
You are covered in fur. (AC +1)
You have tough skin. (AC +1)


   Skills:
 - Level 7.0 Fighting
 + Level 6.1 Throwing
 - Level 3.5 Armour
 - Level 1.1 Dodging
 - Level 16.0 Unarmed Combat
 - Level 1.0 Spellcasting
 - Level 2.1 Fire Magic


You had 13 spell levels left.
You didn't know any spells.
Your spell library contained the following spells:

 Spells                   Type           Power      Damage    Failure   Level
 Scorch                   Fire           8%         2d5       28%         2

Inventory:

Missiles
 e - 4 large rocks (quivered)
 l - 3 boomerangs
 n - 4 javelins
Armour
 b - +0 swamp dragon scales (worn)
 g - a +0 cloak (worn)
 s - the +3 hat of Pondering {ponderous, Will+ MP+10 Int+5}
   (You took it off Gastronok on level 9 of the Dungeon)

   Int:       It affects your intelligence (+5).
   MP:        It affects your magic capacity (+10).
   Will:      It increases your willpower.
Jewellery
 a - a +4 ring of protection (left claw)
 i - a +6 ring of strength (right claw)
 p - an amulet of reflection (around neck)
Scrolls
 c - a scroll of identify
Potions
 d - 6 potions of curing
 f - 2 potions of resistance
 j - a potion of mutation
 k - a potion of cancellation
 o - a potion of flight {unknown}
 q - a potion of lignification {unknown}
 r - a potion of berserk rage {unknown}

Dungeon Overview and Level Annotations

Branches:
Dungeon (10/15)            Temple (0/1) D:7
   Lair: D:8-11         Orc: D:9-12

Altars:
Fedhas
Okawaru
Qazlal
Sif Muna

Shops:
D:8 (=

Annotations:
D:9 Erolcha


Message History

You kill the raiju!
The raiju bites you. The raiju shocks you!
The small abomination hits you but does no damage.
You block the raiju's attack.
You have reached level 12!
You feel stronger.
8631 ||| DRINKING potion of heal wounds.
You feel much better.
The ufetubus hits you. x2; The small abomination hits you!
The raiju barely misses you.
The raiju bursts into living lightning!
The living lightning hits you!
The raiju blinks!
You claw the raiju!
The raiju is heavily wounded.
The ufetubus hits you but does no damage.
The ufetubus barely misses you.
You claw the raiju!
The raiju is severely wounded.
The small abomination hits you but does no damage.
The ufetubus hits you but does no damage.
You block the ufetubus's attack. You block the raiju's attack.
You closely miss the raiju. Your claw misses the raiju.
The raiju is severely wounded.
You block the ufetubus's attack.
The ufetubus hits you but does no damage.
The raiju bites you! The raiju shocks you!
The small abomination closely misses you.
You scratch the raiju but do no damage.
The raiju is almost dead.
The ufetubus hits you but does no damage.
You block the ufetubus's attack.
A raiju comes into view.
You miss the raiju.
The raiju barks!
Your claw misses the raiju.
The raiju is almost dead.
You hear a bark!
The small abomination closely misses you.
The ufetubus barely misses you. You block the ufetubus's attack.
The raiju bites you! The raiju shocks you!
You die...

#...... #......
#...... ##
#......##### #
#..........## #
.# #...........#
.#
#.......#...#.#..
#.......xh...#
### ##.#@#'#...
#.hh5..####
#...#.##...#
#........ ..##
#####.... ..'.
#..... .#h#
...... # #
#....... . . #


You could see 4 raiju, a small abomination and an ufetubus.

Vanquished Creatures
  Gastronok (D:9)
  Josephine (D:10)
  A two-headed ogre (D:8)
  A thrashing horror (Abyss:1)
  Pikel (D:4)
  A shadow dragon zombie (Abyss:1)
  2 large abominations (Abyss:1)
  A cyclops (D:9)
  A worldbinder (Abyss:1)
  Joseph (D:7)
  Maggie (D:7)
  An ancient zyme (Abyss:1)
  3 trolls
  A hornet (D:7)
  A raiju (Abyss:1)
  18 yaks
  A ynoxinul (Abyss:1)
  3 wraiths (D:10)
  2 steam dragons
  Menkaure (D:7)
  3 water moccasins
  5 orc warriors
  2 sky beasts (D:6)
  3 ice beasts
  3 ogres
  3 centaurs
  A lemure (D:4)
  A phantom (D:7)
  A scorpion (D:4)
  4 bullfrogs
  2 necrophages (D:6)
  3 gnoll sergeants
  7 wights
  2 small abominations (Abyss:1)
  8 killer bees
  3 howler monkeys
  3 hounds
  2 jellies
  10 orc priests
  2 gnoll boudas
  7 orc wizards
  Robin (D:2)
  23 gnolls
  8 adders
  A shadow imp (D:7)
  A white imp (D:7)
  4 ufetubi
  3 worms (D:2)
  4 dart slugs
  42 orcs
  5 bats
  4 endoplasms
  2 giant cockroaches
  15 goblins
  6 hobgoblins
  3 jackals (D:3)
  10 kobolds
  3 quokkas
  4 ball pythons
  2 frilled lizards
  4 rats
263 creatures vanquished.

Vanquished Creatures (others)
  A plant (D:7)
1 creature vanquished.

Grand Total: 264 creatures vanquished

Notes
Turn   | Place    | Note
-------+----------+-------------------------------------------
     0 | D:1      | qw the Troll Cinder Acolyte began the quest for the Orb.
     0 | D:1      | Reached XP level 1. HP: 22/22 MP: 1/1
     0 | D:1      | 0 ||| qw: Version: 0.1-a-97-g2dd2ca4
     0 | D:1      | 0 ||| qw: Game counter: 4947
     0 | D:1      | 0 ||| qw: Always use a shield: true
     0 | D:1      | 0 ||| qw: God list: Okawaru
     0 | D:1      | 0 ||| qw: Allow faded altars: false
     0 | D:1      | 0 ||| qw: Do Orc after D:15 true
     0 | D:1      | 0 ||| qw: Do second Lair branch before Depths: true
     0 | D:1      | 0 ||| qw: Lair rune preference: random
     0 | D:1      | 0 ||| qw: Plans: Normal
     0 | D:1      | 0 ||| PLANNING D:1-11
   256 | D:1      | Reached XP level 2. HP: 29/29 MP: 2/2
   433 | D:1      | 433 ||| Stepping ~*~*~tactically~*~*~ (stealth).
   434 | D:1      | 434 ||| Stepping ~*~*~tactically~*~*~ (stealth).
   595 | D:1      | Found a faded altar of an unknown god.
   778 | D:1      | 778 ||| UPGRADING to amulet of guardian spirit.
   783 | D:1      | 783 ||| READING scroll labelled VYZUFE EQITOISM.
   784 | D:1      | 784 ||| READING scroll labelled WUFRUUKOLA.
   785 | D:1      | 785 ||| DRINKING 4 fuming grey potions.
   848 | D:2      | 848 ||| STAIRDANCE
   853 | D:1      | Reached skill level 4 in Unarmed Combat
   925 | D:2      | Noticed Robin
   926 | D:2      | 926 ||| Stepping ~*~*~tactically~*~*~ (stealth).
   935 | D:2      | 935 ||| INVOKING Fiery Armour.
   936 | D:2      | 936 ||| Stepping ~*~*~tactically~*~*~ (outnumbered).
   937 | D:2      | 937 ||| Stepping ~*~*~tactically~*~*~ (outnumbered).
   938 | D:2      | 938 ||| Stepping ~*~*~tactically~*~*~ (stealth).
   941 | D:2      | Reached XP level 3. HP: 36/36 MP: 3/3
   945 | D:2      | Killed Robin
   946 | D:2      | 946 ||| Stepping ~*~*~tactically~*~*~ (outnumbered).
   947 | D:2      | 947 ||| Stepping ~*~*~tactically~*~*~ (outnumbered).
  1005 | D:2      | Reached skill level 5 in Unarmed Combat
  1005 | D:2      | Reached XP level 4. HP: 41/44 MP: 2/4
  1628 | D:2      | 1628 ||| Stepping ~*~*~tactically~*~*~ (hiding).
  1723 | D:3      | 1723 ||| STAIRDANCE
  2109 | D:3      | 2109 ||| Stepping ~*~*~tactically~*~*~ (stealth).
  2111 | D:3      | 2111 ||| Stepping ~*~*~tactically~*~*~ (hiding).
  2123 | D:3      | Reached XP level 5. HP: 48/50 MP: 5/5
  2141 | D:3      | 2141 ||| Stepping ~*~*~tactically~*~*~ (hiding).
  2142 | D:3      | 2142 ||| Stepping ~*~*~tactically~*~*~ (hiding).
  2149 | D:3      | Reached skill level 6 in Unarmed Combat
  2418 | D:3      | 2418 ||| Stepping ~*~*~tactically~*~*~ (stealth).
  2419 | D:3      | 2419 ||| FLEEEEING.
  2889 | D:3      | 2889 ||| READING scroll labelled LUEKHINORA.
  2890 | D:3      | 2890 ||| READING scroll labelled IBY XAMOM LUZ.
  2955 | D:4      | Identified the +0 leather armour of the Forging Gods {-Tele
                  | rElec rPois Stlth+}
  2979 | D:4      | 2979 ||| Stepping ~*~*~tactically~*~*~ (hiding).
  2991 | D:4      | Reached skill level 1 in Throwing
  3005 | D:4      | 3005 ||| Stepping ~*~*~tactically~*~*~ (stealth).
  3006 | D:4      | 3006 ||| Stepping ~*~*~tactically~*~*~ (stealth).
  3008 | D:4      | 3008 ||| INVOKING Fiery Armour.
  3013 | D:4      | 3013 ||| Stepping ~*~*~tactically~*~*~ (hiding).
  3016 | D:4      | Reached XP level 6. HP: 59/59 MP: 6/6
  3018 | D:4      | 3018 ||| Stepping ~*~*~tactically~*~*~ (hiding).
  3022 | D:4      | 3022 ||| Stepping ~*~*~tactically~*~*~ (hiding).
  3204 | D:4      | Found a stormy altar of Qazlal.
  3205 | D:4      | Found a blossoming altar of Fedhas.
  3220 | D:4      | 3220 ||| Stepping ~*~*~tactically~*~*~ (hiding).
  3222 | D:4      | 3222 ||| FLEEEEING.
  3223 | D:4      | 3223 ||| FLEEEEING.
  3226 | D:4      | 3226 ||| Stepping ~*~*~tactically~*~*~ (hiding).
  3227 | D:4      | 3227 ||| Stepping ~*~*~tactically~*~*~ (hiding).
  3232 | D:4      | Reached skill level 7 in Unarmed Combat
  3268 | D:4      | 3268 ||| INVOKING Fiery Armour.
  3516 | D:4      | Noticed Pikel
  3521 | D:4      | 3521 ||| Stepping ~*~*~tactically~*~*~ (outnumbered).
  3523 | D:4      | 3523 ||| Stepping ~*~*~tactically~*~*~ (outnumbered).
  3530 | D:4      | 3530 ||| INVOKING Fiery Armour.
  3534 | D:4      | Killed Pikel
  3535 | D:4      | Reached skill level 9 in Unarmed Combat
  3535 | D:4      | Reached XP level 7. HP: 24/66 MP: 2/7
  3669 | D:4      | 3669 ||| UPGRADING to +2 robe of cold resistance.
  3679 | D:4      | 3679 ||| DROPPING +0 robe.
  3680 | D:4      | 3680 ||| READING 2 scrolls labelled VEBRAY MOMECU.
  3685 | D:4      | 3685 ||| READING scroll labelled CIWOSS VIENULA.
  3686 | D:4      | 3686 ||| READING 3 scrolls of identify.
  3686 | D:4      | 3686 ||| IDENTIFYING sedimented brown potion
  3687 | D:4      | 3687 ||| READING 2 scrolls of identify.
  3687 | D:4      | 3687 ||| IDENTIFYING cyan potion
  3688 | D:4      | 3688 ||| DROPPING potion of attraction.
  3689 | D:4      | 3689 ||| DROPPING potion of invisibility.
  3707 | D:5      | Entered Level 5 of the Dungeon
  3747 | D:5      | 3747 ||| Stepping ~*~*~tactically~*~*~ (stealth).
  3748 | D:5      | 3748 ||| Stepping ~*~*~tactically~*~*~ (stealth).
  3756 | D:5      | Reached XP level 8. HP: 71/74 MP: 8/8
  3758 | D:5      | 3758 ||| INVOKING Fiery Armour.
  3764 | D:5      | Reached skill level 3 in Fighting
  3764 | D:5      | 3764 ||| DRINKING 4 potions of curing.
  3764 | D:5      | 3764 ||| (to cure confusion)
  3771 | D:5      | Reached skill level 1 in Dodging
  3811 | D:5      | 3811 ||| Stepping ~*~*~tactically~*~*~ (hiding).
  3830 | D:5      | Reached skill level 10 in Unarmed Combat
  4152 | D:5      | 4152 ||| DROPPING orb of guile.
  4153 | D:5      | 4153 ||| UPGRADING to +4 ring of protection.
  4154 | D:5      | 4154 ||| DRINKING 2 fuming silvery potions.
  4155 | D:5      | 4155 ||| READING 3 scrolls of identify.
  4155 | D:5      | 4155 ||| IDENTIFYING clear potion
  4156 | D:5      | 4156 ||| READING 2 scrolls of identify.
  4156 | D:5      | 4156 ||| IDENTIFYING puce potion
  4157 | D:5      | 4157 ||| DROPPING potion of magic.
  4158 | D:5      | 4158 ||| DROPPING potion of brilliance.
  4159 | D:5      | 4159 ||| DROPPING potion of degeneration.
  4290 | D:6      | Found Conwit Xema's Weapon Shop.
  4372 | D:6      | 4372 ||| Stepping ~*~*~tactically~*~*~ (stealth).
  4376 | D:6      | 4376 ||| Stepping ~*~*~tactically~*~*~ (stealth).
  4486 | D:6      | Reached XP level 9. HP: 79/84 MP: 7/9
  4632 | D:6      | 4632 ||| Stepping ~*~*~tactically~*~*~ (stealth).
  4635 | D:6      | 4635 ||| Stepping ~*~*~tactically~*~*~ (stealth).
  4651 | D:6      | Reached skill level 11 in Unarmed Combat
  4738 | D:6      | 4738 ||| Stepping ~*~*~tactically~*~*~ (hiding).
  4749 | D:6      | Reached skill level 3 in Throwing
  5134 | D:6      | 5134 ||| DROPPING orb of wrath.
  5135 | D:6      | 5135 ||| UPGRADING to +0 cloak.
  5140 | D:6      | 5140 ||| READING 2 scrolls of identify.
  5140 | D:6      | 5140 ||| IDENTIFYING sedimented white potion
  5169 | D:7      | 5169 ||| Stepping ~*~*~tactically~*~*~ (hiding).
  5310 | D:7      | 5310 ||| Stepping ~*~*~tactically~*~*~ (outnumbered).
  5346 | D:7      | Reached skill level 12 in Unarmed Combat
  5363 | D:7      | Noticed Maggie
  5364 | D:7      | 5364 ||| Stepping ~*~*~tactically~*~*~ (stealth).
  5369 | D:7      | 5369 ||| Stepping ~*~*~tactically~*~*~ (stealth).
  5374 | D:7      | Killed Maggie
  5375 | D:7      | 5375 ||| Stepping ~*~*~tactically~*~*~ (outnumbered).
  5523 | D:7      | Found a staircase to the Ecumenical Temple.
  5758 | D:7      | 5758 ||| INVOKING Fiery Armour.
  5769 | D:7      | 5769 ||| FLEEEEING.
  5770 | D:7      | 5770 ||| FLEEEEING.
  5771 | D:7      | 5771 ||| FLEEEEING.
  5831 | D:7      | 5831 ||| Stepping ~*~*~tactically~*~*~ (hiding).
  5837 | D:7      | 5837 ||| Stepping ~*~*~tactically~*~*~ (outnumbered).
  5937 | D:7      | 5937 ||| Stepping ~*~*~tactically~*~*~ (stealth).
  5941 | D:7      | Paralysed by a hornet for 3 turns
  5945 | D:7      | Reached skill level 13 in Unarmed Combat
  5964 | D:7      | 5964 ||| Stepping ~*~*~tactically~*~*~ (stealth).
  5964 | D:7      | Noticed Menkaure
  5967 | D:7      | Killed Menkaure
  5968 | D:7      | Reached skill level 1 in Armour
  5968 | D:7      | Reached XP level 10. HP: 53/96 MP: 4/10
  5972 | D:7      | 5972 ||| INVOKING Fiery Armour.
  6185 | D:7      | Noticed Joseph
  6186 | D:7      | 6186 ||| Stepping ~*~*~tactically~*~*~ (hiding).
  6205 | D:7      | Killed Joseph
  6434 | D:7      | 6434 ||| UPGRADING to +0 swamp dragon scales.
  6444 | D:7      | 6444 ||| DROPPING +2 robe of cold resistance.
  6445 | D:7      | 6445 ||| READING scroll labelled UNOCVACEIF.
  6490 | D:8      | 6490 ||| Stepping ~*~*~tactically~*~*~ (stealth).
  6491 | D:8      | 6491 ||| Stepping ~*~*~tactically~*~*~ (hiding).
  6496 | D:8      | 6496 ||| Stepping ~*~*~tactically~*~*~ (outnumbered).
  6499 | D:8      | 6499 ||| Stepping ~*~*~tactically~*~*~ (outnumbered).
  6500 | D:8      | 6500 ||| Stepping ~*~*~tactically~*~*~ (outnumbered).
  6501 | D:8      | 6501 ||| INVOKING Fiery Armour.
  6503 | D:8      | 6503 ||| Stepping ~*~*~tactically~*~*~ (outnumbered).
  6556 | D:8      | Found Ippankok's Antique Weapon Shop.
  6567 | D:8      | Noticed a two-headed ogre
  6569 | D:8      | 6569 ||| Stepping ~*~*~tactically~*~*~ (stealth).
  6578 | D:8      | Killed a two-headed ogre
  6579 | D:8      | Reached skill level 3 in Armour
  6624 | D:8      | 6624 ||| Stepping ~*~*~tactically~*~*~ (stealth).
  6737 | D:8      | You fall into a shaft and drop 2 floors!
  6737 | D:10     | Entered Level 10 of the Dungeon
  6758 | D:10     | 6758 ||| DRINKING 5 potions of curing.
  6758 | D:10     | 6758 ||| (to cure confusion)
  6783 | D:10     | 6783 ||| Stepping ~*~*~tactically~*~*~ (hiding).
  6794 | D:10     | Reached skill level 14 in Unarmed Combat
  6864 | D:10     | Noticed Josephine
  6865 | D:10     | 6865 ||| Stepping ~*~*~tactically~*~*~ (hiding).
  6868 | D:10     | 6868 ||| Stepping ~*~*~tactically~*~*~ (hiding).
  6872 | D:10     | 6872 ||| Stepping ~*~*~tactically~*~*~ (outnumbered).
  6883 | D:10     | 6883 ||| INVOKING Fiery Armour.
  6885 | D:10     | Killed Josephine
  6886 | D:10     | Reached skill level 6 in Fighting
  7006 | D:10     | 7006 ||| Stepping ~*~*~tactically~*~*~ (stealth).
  7008 | D:10     | 7008 ||| Stepping ~*~*~tactically~*~*~ (outnumbered).
  7025 | D:10     | Reached XP level 11. HP: 107/107 MP: 11/11
  7134 | D:10     | 7134 ||| Stepping ~*~*~tactically~*~*~ (stealth).
  7152 | D:10     | 7152 ||| Stepping ~*~*~tactically~*~*~ (outnumbered).
  7258 | D:10     | 7258 ||| Stepping ~*~*~tactically~*~*~ (stealth).
  7261 | D:10     | 7261 ||| Stepping ~*~*~tactically~*~*~ (stealth).
  7266 | D:10     | 7266 ||| Stepping ~*~*~tactically~*~*~ (outnumbered).
  7280 | D:10     | 7280 ||| INVOKING Fiery Armour.
  7420 | D:10     | 7420 ||| READING scroll labelled GEMNEU JISOU.
  7464 | D:10     | 7464 ||| READING scroll labelled HAIDGH JEXEWAX.
  7465 | D:10     | 7465 ||| DRINKING 2 sapphire potions.
  7474 | D:9      | 7474 ||| Stepping ~*~*~tactically~*~*~ (outnumbered).
  7484 | D:9      | Reached skill level 15 in Unarmed Combat
  7515 | D:9      | 7515 ||| DRINKING 2 lumpy ruby potions.
  7546 | D:8      | 7546 ||| Stepping ~*~*~tactically~*~*~ (stealth).
  7550 | D:8      | 7550 ||| Stepping ~*~*~tactically~*~*~ (stealth).
  7552 | D:8      | 7552 ||| Stepping ~*~*~tactically~*~*~ (stealth).
  7555 | D:8      | 7555 ||| Stepping ~*~*~tactically~*~*~ (stealth).
  7557 | D:8      | 7557 ||| Stepping ~*~*~tactically~*~*~ (stealth).
  7563 | D:8      | 7563 ||| Stepping ~*~*~tactically~*~*~ (outnumbered).
  7570 | D:8      | 7570 ||| Stepping ~*~*~tactically~*~*~ (outnumbered).
  7572 | D:8      | 7572 ||| Stepping ~*~*~tactically~*~*~ (outnumbered).
  7573 | D:8      | 7573 ||| Stepping ~*~*~tactically~*~*~ (outnumbered).
  7574 | D:8      | 7574 ||| Stepping ~*~*~tactically~*~*~ (outnumbered).
  7576 | D:8      | 7576 ||| Stepping ~*~*~tactically~*~*~ (outnumbered).
  7577 | D:8      | 7577 ||| Stepping ~*~*~tactically~*~*~ (outnumbered).
  7581 | D:8      | 7581 ||| Stepping ~*~*~tactically~*~*~ (outnumbered).
  7582 | D:8      | 7582 ||| Stepping ~*~*~tactically~*~*~ (outnumbered).
  7583 | D:8      | 7583 ||| Stepping ~*~*~tactically~*~*~ (outnumbered).
  7584 | D:8      | 7584 ||| Stepping ~*~*~tactically~*~*~ (outnumbered).
  7585 | D:8      | 7585 ||| Stepping ~*~*~tactically~*~*~ (outnumbered).
  7586 | D:8      | 7586 ||| Stepping ~*~*~tactically~*~*~ (outnumbered).
  7588 | D:8      | 7588 ||| Stepping ~*~*~tactically~*~*~ (outnumbered).
  7589 | D:8      | 7589 ||| Stepping ~*~*~tactically~*~*~ (outnumbered).
  7590 | D:8      | 7590 ||| Stepping ~*~*~tactically~*~*~ (outnumbered).
  7591 | D:8      | 7591 ||| Stepping ~*~*~tactically~*~*~ (outnumbered).
  7592 | D:8      | 7592 ||| Stepping ~*~*~tactically~*~*~ (outnumbered).
  7593 | D:8      | 7593 ||| Stepping ~*~*~tactically~*~*~ (outnumbered).
  7594 | D:8      | 7594 ||| Stepping ~*~*~tactically~*~*~ (outnumbered).
  7655 | D:8      | Found Icoatt's Jewellery Shoppe.
  7658 | D:8      | 7658 ||| SHOPLISTING +4 ring of evasion (432 gold, have
                  | 387).
  7658 | D:8      | 7658 ||| SHOPLISTING amulet "Haodos" {Acrobat +Inv rPois
                  | rN++ Dex-4} (603 gold, have 387).
  7658 | D:8      | 7658 ||| BUYING amulet of reflection (360 gold).
  7658 | D:8      | Bought an amulet of reflection for 360 gold pieces
  7658 | D:8      | 7658 ||| SHOPLISTING ring of fire (300 gold, have 27).
  7704 | D:8      | 7704 ||| Stepping ~*~*~tactically~*~*~ (outnumbered).
  7705 | D:8      | 7705 ||| Stepping ~*~*~tactically~*~*~ (outnumbered).
  7706 | D:8      | 7706 ||| Stepping ~*~*~tactically~*~*~ (outnumbered).
  7707 | D:8      | 7707 ||| Stepping ~*~*~tactically~*~*~ (outnumbered).
  7708 | D:8      | 7708 ||| Stepping ~*~*~tactically~*~*~ (outnumbered).
  7709 | D:8      | 7709 ||| Stepping ~*~*~tactically~*~*~ (outnumbered).
  7710 | D:8      | 7710 ||| Stepping ~*~*~tactically~*~*~ (outnumbered).
  7711 | D:8      | 7711 ||| Stepping ~*~*~tactically~*~*~ (outnumbered).
  7712 | D:8      | 7712 ||| Stepping ~*~*~tactically~*~*~ (outnumbered).
  7713 | D:8      | 7713 ||| Stepping ~*~*~tactically~*~*~ (outnumbered).
  7714 | D:8      | 7714 ||| Stepping ~*~*~tactically~*~*~ (outnumbered).
  7715 | D:8      | 7715 ||| Stepping ~*~*~tactically~*~*~ (outnumbered).
  7716 | D:8      | 7716 ||| Stepping ~*~*~tactically~*~*~ (outnumbered).
  7717 | D:8      | 7717 ||| Stepping ~*~*~tactically~*~*~ (outnumbered).
  7786 | D:8      | Found a shimmering blue altar of Sif Muna.
  7905 | D:8      | Found an iron altar of Okawaru.
  7906 | D:8      | 7906 ||| UPGRADING to amulet of reflection.
  7916 | D:8      | 7916 ||| DROPPING amulet of guardian spirit.
  7917 | D:8      | 7917 ||| UPGRADING to +6 ring of strength.
  8052 | D:9      | Noticed Gastronok
  8053 | D:9      | 8053 ||| Stepping ~*~*~tactically~*~*~ (hiding).
  8057 | D:9      | 8057 ||| INVOKING Fiery Armour.
  8060 | D:9      | Killed Gastronok
  8110 | D:9      | 8110 ||| Stepping ~*~*~tactically~*~*~ (hiding).
  8115 | D:9      | 8115 ||| Stepping ~*~*~tactically~*~*~ (outnumbered).
  8172 | D:9      | 8172 ||| Stepping ~*~*~tactically~*~*~ (stealth).
  8174 | D:9      | 8174 ||| INVOKING Fiery Armour.
  8175 | D:9      | 8175 ||| Stepping ~*~*~tactically~*~*~ (hiding).
  8183 | D:9      | Noticed Erolcha
  8184 | D:9      | 8184 ||| Stepping ~*~*~tactically~*~*~ (outnumbered).
  8185 | D:9      | 8185 ||| Stepping ~*~*~tactically~*~*~ (outnumbered).
  8187 | D:9      | 8187 ||| Stepping ~*~*~tactically~*~*~ (outnumbered).
  8192 | D:9      | 8192 ||| Stepping ~*~*~tactically~*~*~ (outnumbered).
  8201 | D:9      | 8201 ||| FLEEEEING.
  8203 | D:9      | 8203 ||| Stepping ~*~*~tactically~*~*~ (hiding).
  8212 | D:9      | 8212 ||| Stepping ~*~*~tactically~*~*~ (outnumbered).
  8224 | D:9      | 8224 ||| Stepping ~*~*~tactically~*~*~ (outnumbered).
  8229 | Abyss:1  | Cast into level 1 of the Abyss (Erolcha)
  8230 | Abyss:1  | 8230 ||| PLANNING CONVERSION TO OKAWARU
  8230 | Abyss:1  | 8230 ||| READING 2 scrolls of identify.
  8230 | Abyss:1  | 8230 ||| IDENTIFYING blue potion
  8242 | Abyss:1  | Noticed a large abomination
  8248 | Abyss:1  | Killed a large abomination
  8269 | Abyss:1  | 8269 ||| Stepping ~*~*~tactically~*~*~ (stealth).
  8279 | Abyss:1  | Noticed a large abomination
  8285 | Abyss:1  | 8285 ||| Stepping ~*~*~tactically~*~*~ (stealth).
  8286 | Abyss:1  | 8286 ||| Stepping ~*~*~tactically~*~*~ (stealth).
  8289 | Abyss:1  | Killed a large abomination
  8290 | Abyss:1  | Reached skill level 6 in Throwing
  8321 | Abyss:1  | 8321 ||| Stepping ~*~*~tactically~*~*~ (stealth).
  8369 | Abyss:1  | 8369 ||| Stepping ~*~*~tactically~*~*~ (stealth).
  8370 | Abyss:1  | 8370 ||| Stepping ~*~*~tactically~*~*~ (stealth).
  8373 | Abyss:1  | 8373 ||| Stepping ~*~*~tactically~*~*~ (stealth).
  8375 | Abyss:1  | 8375 ||| Stepping ~*~*~tactically~*~*~ (stealth).
  8387 | Abyss:1  | 8387 ||| Stepping ~*~*~tactically~*~*~ (outnumbered).
  8388 | Abyss:1  | Noticed a thrashing horror
  8389 | Abyss:1  | Reached skill level 16 in Unarmed Combat
  8398 | Abyss:1  | Killed a thrashing horror
  8516 | Abyss:1  | 8516 ||| Stepping ~*~*~tactically~*~*~ (stealth).
  8521 | Abyss:1  | 8521 ||| Stepping ~*~*~tactically~*~*~ (stealth).
  8525 | Abyss:1  | 8525 ||| Stepping ~*~*~tactically~*~*~ (stealth).
  8530 | Abyss:1  | 8530 ||| Stepping ~*~*~tactically~*~*~ (stealth).
  8532 | Abyss:1  | 8532 ||| Stepping ~*~*~tactically~*~*~ (stealth).
  8541 | Abyss:1  | 8541 ||| Stepping ~*~*~tactically~*~*~ (stealth).
  8543 | Abyss:1  | 8543 ||| Stepping ~*~*~tactically~*~*~ (stealth).
  8549 | Abyss:1  | 8549 ||| Stepping ~*~*~tactically~*~*~ (stealth).
  8551 | Abyss:1  | 8551 ||| Stepping ~*~*~tactically~*~*~ (stealth).
  8552 | Abyss:1  | 8552 ||| Stepping ~*~*~tactically~*~*~ (stealth).
  8613 | Abyss:1  | 8613 ||| Stepping ~*~*~tactically~*~*~ (stealth).
  8616 | Abyss:1  | 8616 ||| Stepping ~*~*~tactically~*~*~ (hiding).
  8625 | Abyss:1  | 8625 ||| Stepping ~*~*~tactically~*~*~ (outnumbered).
  8628 | Abyss:1  | HP: 27/109 [raiju/living lightning (12)]
  8629 | Abyss:1  | 8629 ||| READING scroll of teleportation.
  8631 | Abyss:1  | Reached XP level 12. HP: 18/118 MP: 12/12
  8631 | Abyss:1  | 8631 ||| DRINKING potion of heal wounds.
  8634 | Abyss:1  | HP: 19/118 [raiju (8)]
  8636 | Abyss:1  | HP: 6/118 [raiju (8)]
  8636 | Abyss:1  | Slain by a raiju

Levels and vault maps discovered:
D:1:      minmay_arrival_radiant_lines, layout_basic,
          ebering_ecumenical_altar_hall, hangedman_decor_slide_cut,
          chequers_mini_garden
D:2:      layout_loops_ring, minmay_indecisive_spiral, uniq_robin
D:3:      layout_basic
D:4:      layout_cave_pools, grunt_temple_overflow_forces_of_nature,
          nicolae_eternal_life, hex_tiny, uniq_pikel
D:5:      layout_rooms
D:6:      layout_basic, serial_shops, kennysheep_mini,
          chequers_serial_rivers_micro_b
D:7:      layout_basic, minmay_temple_entry_gardened_gates, minmay_between,
          uniq_maggie, uniq_joseph, uniq_menkaure
D:8:      layout_cave_pools, mainiacjoe_overflow_swirl, serial_shops,
          kennysheep_mini_moat, shop
D:9:      layout_roguey [special_room_orc], uniq_gastronok, uniq_erolcha,
          uniq_harold
D:10:     layout_roguey, nicolae_trove_entry_columns, uniq_josephine
Abyss:1:  base:
D:5

Skill      XL: |  1  2  3  4  5  6  7  8  9 10 11 |
---------------+----------------------------------+-----
Unarmed Combat | 4 5 6 9 10 13 14 16 | 16.0
Throwing       | 1 2 3 6 |  6.1
Fighting       | 4 5 6 7 |  7.0
Dodging        | 1 |  1.1
Armour         | 1 3 |  3.5
Spellcasting   | |  1.0
Fire Magic     | |  2.1

Action                   |  1- 3 |  4- 6 |  7- 9 | 10-12 || total
-------------------------+-------+-------+-------+-------++-------
Melee: Unarmed           |    85 |   134 |   154 |   334 ||   707
       Punch             |       |     3 |     3 |    15 ||    21
Throw: Javelin           |       |    17 |    30 |    17 ||    64
       Boomerang         |       |     7 |       |       ||     7
       Large rock        |       |       |       |     1 ||     1
Invok: Fiery Armour      |     1 |     3 |     2 |     6 ||    12
  Use: Scroll            |     2 |     2 |     7 |     5 ||    16
       Potion            |     1 |       |     2 |     4 ||     7
Armor: Robe              |    28 |    34 |    74 |     9 ||   145
       Swamp dragon scal |       |       |       |   187 ||   187
Dodge: Dodged            |    32 |    52 |    47 |   142 ||   273
Block: Other             |       |       |       |    29 ||    29

Table legend:
 A = Non-vault XP
 B = Vault XP
 C = Vault XP percentage of total XP
 D = Non-vault monster count
 E = Vault monster count
 F = Vault count percentage of total count
                 A         B        C        D         E       F
            +---------+---------+-------+---------+---------+-------
      Total |   16213 |    5849 |  26.5 |     216 |      46 |  17.6
            +---------+---------+-------+---------+---------+-------
        D:1 |      29 |       0 |   0.0 |      17 |       0 |   0.0
        D:2 |      45 |      58 |  56.3 |      15 |      16 |  51.6
        D:3 |     217 |       0 |   0.0 |      28 |       0 |   0.0
        D:4 |     351 |     673 |  65.7 |      20 |       1 |   4.8
        D:5 |     672 |       0 |   0.0 |      17 |       0 |   0.0
        D:6 |    1228 |       0 |   0.0 |      15 |       0 |   0.0
        D:7 |    1698 |    1558 |  47.9 |      30 |       6 |  16.7
        D:8 |    2658 |       0 |   0.0 |      24 |       0 |   0.0
        D:9 |    1825 |    1990 |  52.2 |      15 |      19 |  55.9
       D:10 |    3144 |    1570 |  33.3 |      24 |       4 |  14.3
    Abyss:1 |    4346 |       0 |   0.0 |      11 |       0 |   0.0
            +---------+---------+-------+---------+---------+-------
